 Dungeon Crawl Stone Soup version 0.23.2-33-g5129a83184 (webtiles) character file.

Game seed: 2704928179497369774

131 kae the Firebug (level 5, -10/28 HPs)
             Began as a Gargoyle Fire Elementalist on July 19, 2019.
             Killed by divine providence
             ... invoked by an orc priest
              (12 damage)
             ... on level 4 of the Dungeon.
             The game lasted 00:03:36 (2756 turns).

kae the Firebug (Gargoyle Fire Elementalist)        Turns: 2756, Time: 00:03:37

Health: -10/28     AC:  9    Str: 11 (12) XL:     5   Next: 14%
Magic:  9/9        EV: 12    Int: 15 (16) God:
Gold:   170        SH:  0    Dex:  9 (10) Spells: 8/9 levels left

rFire    . . .     SeeInvis .   o - +0 war axe
rCold    . . .     Gourm    .   (no shield)
rNeg     + . .     Faith    .   a - +1 robe
rPois    ∞         Spirit   .   n - +0 helmet
rElec    +         Reflect  .   (no cloak)
rCorr    .         Harm     .   (no gloves)
MR       .....                  q - +0 pair of boots
Stlth    ++........             (no amulet)
HPRegen  0.09/turn              (no ring)
MPRegen  0.11/turn              (no ring)

@: very slightly contaminated, hasted, very quick
A: negative energy resistance 1, electricity resistance, unbreathing,
petrification resistance, rot immunity, AC +4
a: no special abilities


You were on level 4 of the Dungeon.
You were not hungry.

You visited 1 branch of the dungeon, and saw 4 of its levels.

You collected 170 gold pieces.

Inventory:

Hand Weapons
 o - a +0 war axe (weapon)
 s - a +0 bardiche
Armour
 a - a +1 robe (worn)
 n - a +0 helmet (worn)
 q - a +0 pair of boots (worn)
Jewellery
 g - an uncursed ring of poison resistance {unknown}
 h - an uncursed amulet of magic regeneration {unknown}
Scrolls
 f - 4 scrolls of identify
 m - a scroll of teleportation
 r - a scroll of enchant armour
Potions
 b - a potion of degeneration
 e - a potion of haste
 i - 2 potions of flight {unknown}
 j - a potion of heal wounds {unknown}
 k - a potion of might {unknown}
 l - 3 potions of brilliance {unknown}
 p - a potion of ambrosia {unknown}
 t - a potion of curing {unknown}
Comestibles
 c - 6 rations
 u - 2 chunks of flesh


   Skills:
 - Level 1.5 Dodging
 - Level 2.1 Stealth
 + Level 2.8 Spellcasting
 + Level 2.7 Conjurations
 * Level 4.5 Fire Magic


You had 8 spell levels left.
You knew the following spells:

 Your Spells              Type           Power        Failure   Level  Hunger
a - Flame Tongue          Conj/Fire      ##...        4%          1    #......

Your spell library contained the following spells:

 Spells                   Type           Power        Failure   Level  Hunger
 Throw Flame              Conj/Fire      ##....       7%          2    ##.....
 Conjure Flame            Conj/Fire      ##......     14%         3    ###....
 Inner Flame              Hex/Fire       #.......     24%         3    ###....
 Sticky Flame             Conj/Fire      ##......     41%         4    #####..
 Fireball                 Conj/Fire      ##........   77%         5    ######.


Dungeon Overview and Level Annotations

Branches:
Dungeon (4/15)
 Temple: D:4-7

Altars:
Trog
Vehumet
Wu Jian
Xom

Annotations:
D:3 exclusion: gnoll
D:4 Ijyb


Innate Abilities, Weirdness & Mutations

You are resistant to torment.
Your stone body is resilient. (AC +4)
You are immune to poison.
You resist negative energy. (rN+)
You are resistant to electric shocks. (rElec)
You can survive without breathing.
You are immune to petrification.
You are immune to rotting.


Message History

* * * LOW HITPOINT WARNING * * *
The quokka closely misses you.
It was a potion of haste.
You feel yourself speed up.
You flicker for a moment.
You feel less confused. The hound bites you but does no damage.
The quokka completely misses you. Ijyb closely misses you.
The hound barely misses you. The quokka barely misses you.
The hound bites you but does no damage. The quokka barely misses you.
A giant cockroach comes into view.
An orc comes into view.
Found a scroll labeled GULOAGHA YHOAMN.
You flicker back into view.
An orc comes into view. It is wielding a +0 trident.
An orc and an orc priest come into view.
The orc priest shouts!
The orc shouts!
Found a stone staircase leading down.
The orc priest mumbles some strange prayers to Beogh against you.
Beogh smites you!
You die...

#.#..###### #..# **,,,,,* ***,
#.#...# ##.# *****,* *,
..##..# ##.## *,* *, .##...#*
#g..#* *,* ** .**.#..** #r#..#
*,* *, .*..*#..* #.##.#*** *,*
*, .,.#**#.#****##.#*...,* *,*
*, ,******,,...##.h#####.##*,*
**
,*,,,,,,.......s@......#*,****
*
,,,*****###.......######,,,,,*
**** #.......# *,,,,,*
#...?...# *,,,,,* #.ooo...#
*,,,,,* #.....o.# *,,,,,*
#.>.....# ******* #########


You could see Ijyb, a hound, an orc priest, 3 orcs, a quokka and a giant
cockroach.

Vanquished Creatures
  A worker ant (D:4)
  3 adders
  An ooze (D:3)
  3 worms (D:3)
  2 leopard geckos
  An orc (D:3)
  A ball python (D:1)
  10 giant cockroaches
  6 goblins
  9 hobgoblins
  4 jackals (D:2)
  A quokka (D:3)
  A bat (D:1)
  4 frilled lizards
  8 kobolds
  6 rats
61 creatures vanquished.

Notes
Turn   | Place    | Note
-------+----------+-------------------------------------------
     0 | D:1      | kae the Gargoyle Fire Elementalist began the quest for the
                  | Orb.
     0 | D:1      | Reached XP level 1. HP: 10/10 MP: 3/3
   140 | D:1      | Reached XP level 2. HP: 13/15 MP: 3/5
  1066 | D:2      | Reached XP level 3. HP: 10/19 MP: 0/6
  1067 | D:2      | Found an ornate altar of the Wu Jian Council.
  1611 | D:2      | Reached skill level 4 in Fire Magic
  1613 | D:2      | Reached XP level 4. HP: 24/24 MP: 1/7
  2019 | D:3      | Noticed a moth of wrath
  2022 | D:3      | Found a bloodstained altar of Trog.
  2389 | D:3      | Found a shimmering altar of Xom.
  2389 | D:3      | Found a radiant altar of Vehumet.
  2699 | D:4      | Reached XP level 5. HP: 28/28 MP: 9/9
  2710 | D:4      | Noticed Ijyb
  2745 | D:4      | HP: 1/28 [hound (2)]
  2756 | D:4      | Killed from afar by an orc priest

Skill      XL: |  1  2  3 |
---------------+----------+-----
Conjurations   | 2 |  2.7
Fire Magic     | 4 |  4.5
Dodging        | |  1.5
Stealth        | |  2.1
Spellcasting   | |  2.8

Action                   |  1- 3 |  4- 6 || total
-------------------------+-------+-------++-------
Melee: Unarmed           |    54 |       ||    54
       War axe           |       |    47 ||    47
 Cast: Flame Tongue      |    60 |    44 ||   104
  Use: Scroll            |     3 |     2 ||     5
       Potion            |       |     3 ||     3
 Stab: Sleeping          |     1 |     1 ||     2
  Eat: Chunk             |     3 |     4 ||     7
Armor: Robe              |    30 |    41 ||    71
Dodge: Dodged            |    66 |    94 ||   160
